 Dungeon Crawl Stone Soup version 0.26.0-10-g1f06aea511 (webtiles) character file.

Game seed: 13586647718977285123

59 Borgoz the Slasher (level 4, -6/38 HPs)
             Began as a Ghoul Gladiator on Jan 15, 2021.
             Mangled by Natasha (7 damage)
             ... on level 2 of the Dungeon.
             The game lasted 00:01:16 (1487 turns).

Borgoz the Slasher (Ghoul Gladiator)                Turns: 1487, Time: 00:01:16

Health: -6/38      AC:  4    Str: 17    XL:     4   Next: 3%
Magic:  3/3        EV: 12    Int:  3    God:
Gold:   101        SH:  0    Dex: 11    Spells: 3/3 levels left

rFire    . . .     SeeInvis .   a - +0 long sword
rCold    + . .     Faith    .   (no shield)
rNeg     + + +     Spirit   .   b - +0 leather armour
rPois    ∞         Reflect  .   c - +0 helmet
rElec    .         Harm     .   (no cloak)
rCorr    .         Rampage  .   (no gloves)
Will     .....                  (no boots)
Stlth    +.........             (no amulet)
HPRegen  0.00/turn              (no ring)
MPRegen  0.08/turn              (no ring)

@: no status effects
A: claws 1, cold resistance 1, negative energy resistance 3, inhibited
regeneration, torment resistance, unbreathing
a: no special abilities


You were on level 2 of the Dungeon.
You visited 1 branch of the dungeon, and saw 2 of its levels.

You collected 101 gold pieces.

Inventory:

Hand Weapons
 a - a +0 long sword (weapon)
Missiles
 d - 3 throwing nets (quivered)
Armour
 b - a +0 leather armour (worn)
 c - a +0 helmet (worn)
Wands
 p - a wand of random effects (14)
Scrolls
 g - 2 scrolls of fog {unknown}
 h - a scroll of identify {unknown}
 l - a scroll of magic mapping {unknown}
 m - a scroll of enchant weapon {unknown}
 n - a scroll of random uselessness {unknown}
Potions
 e - a potion of haste {unknown}
 f - a potion of cancellation {unknown}
 i - a potion of resistance {unknown}
 j - a potion of attraction {unknown}
 k - 3 potions of might {unknown}
 o - a potion of invisibility {unknown}


   Skills:
 + Level 3.0 Fighting
 + Level 3.2 Long Blades
 - Level 1.7 Throwing
 + Level 1.3 Armour
 + Level 3.1 Dodging


You had 3 spell levels left.
You didn't know any spells.
Your spell library was empty.

Dungeon Overview and Level Annotations

Branches:
Dungeon (2/15)

Altars:
Hepliaklqana
Nemelex Xobeh
Ru

Annotations:
D:2 Natasha


Innate Abilities, Weirdness & Mutations

You thrive by killing the living.
You are immune to poison.
You have sharp fingernails.
Your flesh is cold resistant. (rC+)
You are immune to negative energy. (rN+++)
You do not regenerate when monsters are visible.
You are immune to unholy pain and torment.
You can survive without breathing.


Message History

The adder is severely wounded.
Natasha closely misses you. The adder misses you.
You riposte.
You barely miss the adder.
The adder is severely wounded.
The crimson imp blinks!
Natasha claws you but does no damage.
The crimson imp blinks!
You closely miss Natasha. The adder bites you.
* * * LOW HITPOINT WARNING * * *
Natasha closely misses you. The adder completely misses you.
You hit Natasha but do no damage. The adder bites you but does no damage.
Natasha barely misses you.
You riposte.
You hit Natasha.
Natasha is heavily wounded.
The crimson imp blinks!
The crimson imp hits you.
* * * LOW HITPOINT WARNING * * *
You closely miss Natasha.
Natasha is heavily wounded.
The adder bites you.
* * * LOW HITPOINT WARNING * * *
Natasha claws you!
You die...

.# #.# #.#...# #.# .#
#.......#.####.#(#.###.#
.#
#..§....#......#....##.#
.#
#.......#########.#.##.#
... ........# #...##.#
.### #.......# ##...#.#
# #.......# #.#.#..
#.....55##########....##
#.....S@....##.......†#
##....h#.##.####.##...#
#####.#.##........#..##
..#.#######.#.#....
####.#)......#.#...#
..#.#######.#.... ###
#.#..># #.#.#.# #.#.#.#


You could see Natasha, 2 crimson imps and an adder.

Vanquished Creatures
  2 adders (D:2)
  A worm (D:2)
  3 dart slugs (D:1)
  2 leopard geckos (D:1)
  7 bats
  A giant cockroach (D:1)
  6 hobgoblins
  2 frilled lizards
  3 goblins
  2 kobolds (D:1)
  3 rats (D:1)
32 creatures vanquished.

Notes
Turn   | Place    | Note
-------+----------+-------------------------------------------
     0 | D:1      | Borgoz the Ghoul Gladiator began the quest for the Orb.
     0 | D:1      | Reached XP level 1. HP: 17/17 MP: 0/0
     2 | D:1      | Noticed a demigod
     2 | D:1      | Noticed a draconian
     4 | D:1      | Noticed a centaur
     4 | D:1      | Noticed a felid
     6 | D:1      | Noticed a tengu
     8 | D:1      | Noticed a naga
     8 | D:1      | Noticed a vine stalker
    10 | D:1      | Noticed a troll
    10 | D:1      | Noticed a human
    12 | D:1      | Noticed an ogre
    12 | D:1      | Noticed an elf
    14 | D:1      | Noticed an octopode
    14 | D:1      | Noticed a merfolk
    16 | D:1      | Noticed a minotaur
    18 | D:1      | Noticed a demonspawn
    18 | D:1      | Noticed a ghoul
    20 | D:1      | Noticed a dwarf
    22 | D:1      | Noticed a gargoyle
    24 | D:1      | Noticed a halfling
    24 | D:1      | Noticed a spriggan
    26 | D:1      | Noticed a formicid
    26 | D:1      | Noticed a vampire
    62 | D:1      | Reached XP level 2. HP: 4/25 MP: 1/1
   984 | D:1      | Reached XP level 3. HP: 30/30 MP: 2/2
  1239 | D:2      | Reached skill level 1 in Armour
  1400 | D:2      | Found a hazy altar of Hepliaklqana.
  1400 | D:2      | Found a sparkling altar of Nemelex Xobeh.
  1401 | D:2      | Found a sacrificial altar of Ru.
  1407 | D:2      | Reached XP level 4. HP: 38/38 MP: 3/3
  1475 | D:2      | Noticed Natasha
  1487 | D:2      | HP: 1/38 [adder (1)]
  1487 | D:2      | Mangled by Natasha

Illustrated notes

Levels and vault maps discovered:
D:1:      kb_arrival_jail, layout_basic, minmay_tetromino_i4
D:2:      layout_basic, chequers_temple_overflow_statue_of_worship,
          uniq_natasha, uniq_crazy_yiuf_cottage

Skill      XL: |  1  2  3 |
---------------+----------+-----
Dodging        | 3 |  3.1
Long Blades    | 3 |  3.2
Armour         | 1 |  1.3
Fighting       | 3 |  3.0
Throwing       | |  1.7

Action                   |  1- 3 |  4- 6 || total
-------------------------+-------+-------++-------
Melee: Long sword        |    95 |    11 ||   106
Armor: Leather armour    |    38 |     6 ||    44
Dodge: Dodged            |    81 |    13 ||    94
       Rpst.: Long sword |    26 |     5 ||    31
